Capitals vs Ducks

Created - 9 décembre 2021 at 16:22

Goals
1 2 3 T
Capitals 0 2 0 2
Ducks 0 0 1 1
Shots
1 2 3 T
Capitals 8 5 12 25
Ducks 10 10 13 33

GoalsPenalties
1st period
No Goal
Drew Doughty (WAS) for Diving (Minor) at 3:41
Mikhail Sergachev (ANA) for Holding (Minor) at 17:51
2nd period
1. Capitals , Erik Karlsson 3 (Jeff Petry 13, Sidney Crosby 14) at 13:17 (PP)
2. Capitals , Garnet Hathaway 2 (Calle Jarnkrok 2, Nick Jensen 7) at 18:42
Zach Aston-Reese (ANA) for Tripping (Minor) at 2:49
Ivan Barbashev (WAS) for Hooking (Minor) at 5:25
Garnet Hathaway (WAS) for Interference (Minor) at 8:31
Jan Rutta (ANA) for Hooking (Minor) at 11:32
Jean-Gabriel Pageau (ANA) for Hooking (Minor) at 13:18
Cody Ceci (WAS) for Roughing (Minor) at 19:55
3rd period
3. Ducks , Travis Konecny 4 (Eeli Tolvanen 2, Lars Eller 5) at 16:14
Nick Jensen (WAS) for Roughing (Minor) at 5:45
Roope Hintz (ANA) for High sticking (Minor) at 9:02
Cody Ceci (WAS) for Tripping (Minor) at 9:02
Goalie Stats
Ilya Samsonov (WAS), 32 saves from 33 shots - (0,970), W, 5-4-0, 60:00 minutes
Tristan Jarry (ANA), 23 saves from 25 shots - (0,920), L, 10-11-0, 60:00 minutes
3 StarsOfficial
1 - Ilya Samsonov (WAS)
2 - Travis Konecny (ANA)
3 - Erik Karlsson (WAS)
Referees : Evgeny Romasko and Garrett Rank
Linesman : Derek Amell and Brad Kovachik
Game Note
No Game Note
Finance
Level 1 -- Attendance: 3139 (62,78%) -- Ticket Income 376 680 $
Level 2 -- Attendance: 3933 (98,33%) -- Ticket Income 216 315 $
Level 3 -- Attendance: 2131 (71,03%) -- Ticket Income 91 633 $
Level 4 -- Attendance: 3731 (93,28%) -- Ticket Income 74 620 $
Luxury Box -- Attendance: 641 (64,10%) -- Ticket Income 134 610 $
Game was played at the Honda Center.
Total Attendance: 13575 (79,85%)
Total Ticket Income: 893 858 $
Other Income: 437 990 $
Total Income: 1 331 848 $



Team Name Goals Shots Shots Attemp Shots Blocked PIM HIT PP PK FO%
Capitals 22556712191 / 4 (25%)053%
Ducks 13363810200 / 5 (0%)147%

Capitals
Player Name POS G A P +/- PIM HIT SHT SB MP PP MP PP SHT PK MP PK SHT FO% FOT
Brad RichardsonC/LW/RW000000009:240:0005:0500% 1
Brayden PointC0000001017:123:1100:00055% 22
Calle JarnkrokC/LW/RW0111002113:320:0005:0210% 0
Cam AtkinsonLW/RW0000005016:303:1100:17050% 2
Cody CeciD0000440120:523:4604:0000% 0
Drew DoughtyD000-1210222:073:4600:5600% 0
Erik KarlssonD1010002023:593:5616:0400% 0
Garnet HathawayRW101121209:100:0000:4100% 0
Ivan BarbashevC/LW/RW0001200013:140:0004:09060% 15
Jay BeagleC000002008:550:0004:36064% 14
Jeff PetryD011-1020222:393:5600:0000% 0
Kirill KaprizovLW000-1005020:034:3110:0000% 2
Mark JankowskiC/LW000000003:430:0000:0000% 0
Michael StoneD0001030115:380:0004:4400% 0
Mikko RantanenRW000-1024020:044:3110:000100% 1
Nick JensenD0111201014:410:0004:0610% 0
Pavel BuchnevichLW/RW0000030016:133:1100:0000% 1
Sidney CrosbyC011-1013020:044:3110:00048% 23
Ducks
Player Name POS G A P +/- PIM HIT SHT SB MP PP MP PP SHT PK MP PK SHT FO% FOT
Alex OvechkinLW/RW0000035019:485:5910:00050% 2
Chris TierneyC000-1000011:150:0003:2500% 4
Damon SeversonD0001051221:444:4613:1100% 0
Eeli TolvanenLW/RW011100109:350:0000:240100% 1
Evgeni MalkinC0000011019:485:5900:00058% 12
Jan RuttaD0001202014:410:0002:4900% 0
Jean-Gabriel PageauC0000202019:243:5612:44041% 32
Jeremy LauzonD0000031216:500:0003:5200% 0
Joel Eriksson EkC/LW/RW0000022015:020:0003:29050% 10
John MarinoD000-1006122:214:4654:3000% 0
Lars EllerC0111002012:590:0003:48053% 15
Mikhail SergachevD000-1221222:225:0910:4700% 0
Ondrej PalatLW0000013014:373:5600:00033% 3
Roope HintzC/LW0000212017:285:5900:0000% 0
Thomas ChabotD0000002122:005:0910:1500% 0
Travis KonecnyRW1011012013:073:5600:0000% 0
Zach Aston-ReeseC/LW/RW000-121008:350:0000:460100% 1
Zemgus GirgensonsC/LW/RW000-100008:380:0000:480100% 1

Capitals

5 vs 5 Forward
Line #Left WingCenterRight WingPHYDFOFWanted %Time %Time Play
1Kirill KaprizovSidney CrosbyMikko Rantanen0143537%14:33
2Cam AtkinsonBrayden PointPavel Buchnevich0233333%13:02
3Calle JarnkrokIvan BarbashevGarnet Hathaway1222221%8:30
4Mark JankowskiJay BeagleBrad Richardson131109%3:43
5 vs 5 Defense
Line #DefenseDefensePHYDFOFWanted %Time %Time Play
1Jeff PetryDrew Doughty0323534%13:40
2Erik KarlssonCody Ceci0323033%13:08
3Nick JensenMichael Stone0322025%10:00
4Jeff PetryDrew Doughty032158%3:00
Power Play Forward
Line #Left WingCenterRight WingPHYDFOFWanted %Time %Time Play
1Kirill KaprizovSidney CrosbyMikko Rantanen0146059%4:31
2Cam AtkinsonBrayden PointPavel Buchnevich0144041%3:11
Power Play Defense
Line #DefenseDefensePHYDFOFWanted %Time %Time Play
1Erik KarlssonJeff Petry0146051%3:56
2Drew DoughtyCody Ceci0144049%3:46
Penalty Kill 4 Players Forward
Line #CenterWingPHYDFOFWanted %Time %Time Play
1Jay BeagleBrad Richardson1405046%4:36
2Ivan BarbashevCalle Jarnkrok1405054%5:19
Penalty Kill 4 Players Defense
Line #DefenseDefensePHYDFOFWanted %Time %Time Play
1Nick JensenMichael Stone1405041%4:06
2Erik KarlssonCody Ceci1405059%5:49
Penalty Kill 3 Players
Line #WingPHYDFOFWanted %Time %Time PlayDefenseDefensePHYDFOFWanted %Time %Time Play
1Jay Beagle140500%0:00 Nick JensenMichael Stone140500%0:00
2Ivan Barbashev140500%0:00 Erik KarlssonCody Ceci140500%0:00
4 vs 4 Forward
Line #CenterWingPHYDFOFWanted %Time %Time Play
1Sidney CrosbyMikko Rantanen0145050%1:00
2Brayden PointKirill Kaprizov0145050%0:59
4 vs 4 Defense
Line #DefensePHYDFOFWanted %Time %Time Play
1Jeff PetryDrew Doughty0325057%50% - 1:08
2Erik KarlssonCody Ceci0325043%50% - 0:51
Last Minutes Offensive
Left WingCenterRight WingDefenseDefense
Kirill KaprizovSidney CrosbyMikko RantanenJeff PetryDrew Doughty
Last Minutes Defensive
Left WingCenterRight WingDefenseDefense
Brad RichardsonJay BeagleIvan BarbashevNick JensenCody Ceci
Time
Total ForwardTotal DefenseLast Minutes OffensiveLast Minutes Defensive
60:00 60:00 0:000:36
Extra Forwards
Normal PowerPlayPenalty Kill
Mikko Rantanen, Pavel Buchnevich, Brayden PointPavel Buchnevich, Brayden PointGarnet Hathaway
Extra Defensemen
Normal PowerPlayPenalty Kill
Jeff Petry, Erik Karlsson, Drew DoughtyErik Karlsson, Cody CeciNick Jensen
Penalty Shots
Mikko Rantanen, Sidney Crosby, Kirill Kaprizov, Brayden Point, Pavel Buchnevich
Goalie
Ilya Samsonov, Ben Bishop
Custom OT Lines Forwards
Mikko Rantanen, Sidney Crosby, Brayden Point, Kirill Kaprizov, Cam Atkinson, Pavel Buchnevich, Ivan Barbashev, Garnet Hathaway, Calle Jarnkrok, Jay Beagle
Custom OT Lines Defensemen
Jeff Petry, Drew Doughty, Erik Karlsson, Cody Ceci, Nick Jensen
Scratches
Trevor van Riemsdyk (Healthy)

Ducks

5 vs 5 Forward
Line #Left WingCenterRight WingPHYDFOFWanted %Time %Time Play
1Evgeni MalkinJean-Gabriel PageauAlex Ovechkin0233530%11:53
2Ondrej PalatJoel Eriksson EkRoope Hintz0323027%10:41
3Eeli TolvanenLars EllerTravis Konecny1312523%9:11
4Zemgus GirgensonsChris TierneyZach Aston-Reese0411020%7:50
5 vs 5 Defense
Line #DefenseDefensePHYDFOFWanted %Time %Time Play
1Mikhail SergachevJohn Marino0323630%12:00
2Thomas ChabotJeremy Lauzon0413233%12:58
3Damon SeversonJan Rutta1312730%11:53
4Mikhail SergachevThomas Chabot04157%2:44
Power Play Forward
Line #Left WingCenterRight WingPHYDFOFWanted %Time %Time Play
1Roope HintzEvgeni MalkinAlex Ovechkin0145560%5:59
2Ondrej PalatJean-Gabriel PageauTravis Konecny0144540%3:56
Power Play Defense
Line #DefenseDefensePHYDFOFWanted %Time %Time Play
1Mikhail SergachevThomas Chabot0145452%5:09
2John MarinoDamon Severson0144648%4:46
Penalty Kill 4 Players Forward
Line #CenterWingPHYDFOFWanted %Time %Time Play
1Lars EllerJoel Eriksson Ek1405045%3:29
2Jean-Gabriel PageauChris Tierney1405055%4:13
Penalty Kill 4 Players Defense
Line #DefenseDefensePHYDFOFWanted %Time %Time Play
1John MarinoJeremy Lauzon0505050%3:52
2Damon SeversonJan Rutta0505050%3:50
Penalty Kill 3 Players
Line #WingPHYDFOFWanted %Time %Time PlayDefenseDefensePHYDFOFWanted %Time %Time Play
1Lars Eller140500%0:00 John MarinoJeremy Lauzon050500%0:00
2Jean-Gabriel Pageau050500%0:00 Damon SeversonJan Rutta050500%0:00
4 vs 4 Forward
Line #CenterWingPHYDFOFWanted %Time %Time Play
1Evgeni MalkinAlex Ovechkin1225056%1:07
2Jean-Gabriel PageauRoope Hintz1225044%0:52
4 vs 4 Defense
Line #DefensePHYDFOFWanted %Time %Time Play
1Mikhail SergachevThomas Chabot1225045%50% - 0:54
2Damon SeversonJohn Marino1225055%50% - 1:05
Last Minutes Offensive
Left WingCenterRight WingDefenseDefense
Roope HintzEvgeni MalkinAlex OvechkinMikhail SergachevThomas Chabot
Last Minutes Defensive
Left WingCenterRight WingDefenseDefense
Lars EllerJean-Gabriel PageauJoel Eriksson EkJohn MarinoJeremy Lauzon
Time
Total ForwardTotal DefenseLast Minutes OffensiveLast Minutes Defensive
60:00 60:00 0:490:00
Extra Forwards
Normal PowerPlayPenalty Kill
Roope Hintz, Joel Eriksson Ek, Alex OvechkinAlex Ovechkin, Jean-Gabriel PageauLars Eller
Extra Defensemen
Normal PowerPlayPenalty Kill
Mikhail Sergachev, Jeremy Lauzon, Damon SeversonMikhail Sergachev, Jan RuttaDamon Severson
Penalty Shots
Alex Ovechkin, Evgeni Malkin, Roope Hintz, Travis Konecny, Eeli Tolvanen
Goalie
Tristan Jarry, Jake Allen
Custom OT Lines Forwards
Alex Ovechkin, Evgeni Malkin, Roope Hintz, Joel Eriksson Ek, Jean-Gabriel Pageau, Ondrej Palat, Lars Eller, Travis Konecny, Chris Tierney, Eeli Tolvanen
Custom OT Lines Defensemen
Mikhail Sergachev, Thomas Chabot, John Marino, Jeremy Lauzon, Damon Severson
Scratches
Jacob de la Rose (Healthy), Vince Dunn (Healthy)


Play-by-Play

1st period


0:01 of 1st period - Sidney Crosby wins face-off versus Jean-Gabriel Pageau in neutral zone.
0:12 of 1st period - Shot by Sidney Crosby.
0:12 of 1st period - Shot Misses the Net.
0:14 of 1st period - Shot by Sidney Crosby.
0:14 of 1st period - Stopped by Tristan Jarry without a rebound.
0:15 of 1st period - Brayden Point wins face-off versus Joel Eriksson Ek in Ducks zone.
1:42 of 1st period - Shot by Ivan Barbashev.
1:42 of 1st period - Shot Misses the Net.
1:44 of 1st period - Shot by Michael Stone.
1:44 of 1st period - Shot Blocked by Jeremy Lauzon.
1:50 of 1st period - Shot by Calle Jarnkrok.
1:50 of 1st period - Stopped by Tristan Jarry without a rebound.
1:51 of 1st period - Lars Eller wins face-off versus Sidney Crosby in Ducks zone.
2:01 of 1st period - Shot by Lars Eller.
2:01 of 1st period - Stopped by Ilya Samsonov without a rebound.
2:02 of 1st period - Jay Beagle wins face-off versus Jean-Gabriel Pageau in Capitals zone.
2:15 of 1st period - Icing by Mikhail Sergachev.
2:16 of 1st period - Jean-Gabriel Pageau wins face-off versus Sidney Crosby in Ducks zone.
2:25 of 1st period - Shot by Alex Ovechkin.
2:25 of 1st period - Stopped by Ilya Samsonov without a rebound.
2:26 of 1st period - Sidney Crosby wins face-off versus Lars Eller in Capitals zone.
3:01 of 1st period - Shot by Eeli Tolvanen.
3:01 of 1st period - Stopped by Ilya Samsonov without a rebound.
3:02 of 1st period - Jay Beagle wins face-off versus Jean-Gabriel Pageau in Capitals zone.
3:12 of 1st period - Mikhail Sergachev is hit by Jeff Petry and loses puck.
3:41 of 1st period - Minor Penalty to Drew Doughty for Diving.
3:42 of 1st period - Ivan Barbashev wins face-off versus Jean-Gabriel Pageau in Capitals zone.
4:37 of 1st period - Shot by John Marino.
4:37 of 1st period - Stopped by Ilya Samsonov without a rebound.
4:38 of 1st period - Evgeni Malkin wins face-off versus Ivan Barbashev in Capitals zone.
5:31 of 1st period - Icing by John Marino.
5:32 of 1st period - Ivan Barbashev wins face-off versus Evgeni Malkin in Ducks zone.
5:35 of 1st period - Shot by Calle Jarnkrok.
5:35 of 1st period - Stopped by Tristan Jarry without a rebound.
5:36 of 1st period - Jay Beagle wins face-off versus Jean-Gabriel Pageau in Ducks zone.
5:49 of 1st period - Shot by Chris Tierney.
5:49 of 1st period - Shot Misses the Net.
5:51 of 1st period - Shot by Jeremy Lauzon.
5:51 of 1st period - Stopped by Ilya Samsonov with a rebound.
5:53 of 1st period - Shot by Zemgus Girgensons.
5:53 of 1st period - Shot Misses the Net.
5:57 of 1st period - Shot by Chris Tierney.
5:57 of 1st period - Shot Misses the Net.
6:40 of 1st period - Jan Rutta is hit by Cody Ceci and loses puck.
6:56 of 1st period - Icing by Travis Konecny.
6:57 of 1st period - Ivan Barbashev wins face-off versus Lars Eller in Ducks zone.
7:04 of 1st period - Shot by Calle Jarnkrok.
7:04 of 1st period - Shot Blocked by Damon Severson.
7:08 of 1st period - Shot by Garnet Hathaway.
7:08 of 1st period - Stopped by Tristan Jarry without a rebound.
7:09 of 1st period - Jean-Gabriel Pageau wins face-off versus Kirill Kaprizov in Ducks zone.
7:47 of 1st period - Shot by Mikko Rantanen.
7:47 of 1st period - Shot Misses the Net.
7:49 of 1st period - Shot by Erik Karlsson.
7:49 of 1st period - Shot Misses the Net.
8:23 of 1st period - Roope Hintz is hit by Drew Doughty and loses puck.
8:45 of 1st period - Shot by Joel Eriksson Ek.
8:45 of 1st period - Stopped by Ilya Samsonov without a rebound.
8:46 of 1st period - Lars Eller wins face-off versus Pavel Buchnevich in Capitals zone.
8:52 of 1st period - Icing by Nick Jensen.
8:53 of 1st period - Brayden Point wins face-off versus Lars Eller in Capitals zone.
9:19 of 1st period - Travis Konecny is hit by Michael Stone and loses puck.
9:43 of 1st period - Icing by Michael Stone.
9:44 of 1st period - Brayden Point wins face-off versus Jean-Gabriel Pageau in Capitals zone.
9:51 of 1st period - Shot by Evgeni Malkin.
9:51 of 1st period - Stopped by Ilya Samsonov without a rebound.
9:52 of 1st period - Mikko Rantanen wins face-off versus Jean-Gabriel Pageau in Capitals zone.
10:15 of 1st period - Shot by Kirill Kaprizov.
10:15 of 1st period - Stopped by Tristan Jarry without a rebound.
10:16 of 1st period - Joel Eriksson Ek wins face-off versus Ivan Barbashev in Ducks zone.
10:16 of 1st period - Joel Eriksson Ek is hit by Garnet Hathaway.
11:13 of 1st period - Shot by Kirill Kaprizov.
11:13 of 1st period - Stopped by Tristan Jarry without a rebound.
11:14 of 1st period - Jean-Gabriel Pageau wins face-off versus Brayden Point in Ducks zone.
11:47 of 1st period - Shot by Cam Atkinson.
11:47 of 1st period - Stopped by Tristan Jarry without a rebound.
11:48 of 1st period - Lars Eller wins face-off versus Kirill Kaprizov in Ducks zone.
12:22 of 1st period - Sidney Crosby is hit by Damon Severson and loses puck.
12:26 of 1st period - Icing by Lars Eller.
12:27 of 1st period - Eeli Tolvanen wins face-off versus Brayden Point in Ducks zone.
12:39 of 1st period - Icing by Cam Atkinson.
12:40 of 1st period - Brayden Point wins face-off versus Jean-Gabriel Pageau in Capitals zone.
13:01 of 1st period - Shot by Alex Ovechkin.
13:01 of 1st period - Shot Misses the Net.
13:03 of 1st period - Shot by Jean-Gabriel Pageau.
13:03 of 1st period - Shot Misses the Net.
13:19 of 1st period - Shot by Jean-Gabriel Pageau.
13:19 of 1st period - Deflect By Alex Ovechkin.
13:19 of 1st period - Shot Blocked by Drew Doughty.
13:42 of 1st period - Shot by Roope Hintz.
13:42 of 1st period - Stopped by Ilya Samsonov without a rebound.
13:43 of 1st period - Sidney Crosby wins face-off versus Chris Tierney in Capitals zone.
14:57 of 1st period - Ondrej Palat is hit by Michael Stone and loses puck.
15:14 of 1st period - Shot by Ivan Barbashev.
15:14 of 1st period - Deflect By Garnet Hathaway.
15:14 of 1st period - Shot Misses the Net.
15:48 of 1st period - Mikhail Sergachev is hit by Jay Beagle and loses puck.
16:08 of 1st period - Jay Beagle is hit by Alex Ovechkin and loses puck.
16:45 of 1st period - Shot by Travis Konecny.
16:45 of 1st period - Shot Misses the Net.
16:47 of 1st period - Shot by Lars Eller.
16:47 of 1st period - Stopped by Ilya Samsonov without a rebound.
16:48 of 1st period - Sidney Crosby wins face-off versus Chris Tierney in Capitals zone.
16:48 of 1st period - Sidney Crosby is hit by Zach Aston-Reese.
16:58 of 1st period - Shot by Kirill Kaprizov.
16:58 of 1st period - Shot Misses the Net.
17:26 of 1st period - Shot by Chris Tierney.
17:26 of 1st period - Shot Hit the Post.
17:28 of 1st period - Shot by Jan Rutta.
17:28 of 1st period - Stopped by Ilya Samsonov without a rebound.
17:29 of 1st period - Lars Eller wins face-off versus Brayden Point in Capitals zone.
17:51 of 1st period - Minor Penalty to Mikhail Sergachev for Holding.
17:52 of 1st period - Jean-Gabriel Pageau wins face-off versus Sidney Crosby in Ducks zone.
18:11 of 1st period - Shot by Damon Severson.
18:11 of 1st period - Shot Blocked by Jeff Petry.
18:19 of 1st period - Shot by Mikko Rantanen.
18:19 of 1st period - Deflect By Sidney Crosby.
18:19 of 1st period - Stopped by Tristan Jarry without a rebound.
18:20 of 1st period - Jean-Gabriel Pageau wins face-off versus Brayden Point in Ducks zone.
18:20 of 1st period - John Marino is hit by Pavel Buchnevich and loses puck.
19:45 of 1st period - Shot by Kirill Kaprizov.
19:45 of 1st period - Shot Misses the Net.
Goals for this period are 0 for Capitals vs 0 for Ducks.
Shots for this period are 8 for Capitals vs 10 for Ducks.

2nd period


0:01 of 2nd period - Alex Ovechkin wins face-off versus Sidney Crosby in neutral zone.
0:28 of 2nd period - Shot by Alex Ovechkin.
0:28 of 2nd period - Shot Blocked by Jeff Petry.
0:30 of 2nd period - Shot by John Marino.
0:30 of 2nd period - Stopped by Ilya Samsonov with a rebound.
1:24 of 2nd period - Sidney Crosby is hit by Joel Eriksson Ek.
1:35 of 2nd period - Roope Hintz is hit by Cody Ceci and loses puck.
2:02 of 2nd period - Shot by Lars Eller.
2:02 of 2nd period - Deflect By Travis Konecny.
2:02 of 2nd period - Stopped by Ilya Samsonov with a rebound.
2:04 of 2nd period - Shot by Damon Severson.
2:04 of 2nd period - Shot Misses the Net.
2:41 of 2nd period - Calle Jarnkrok is hit by Mikhail Sergachev and loses puck.
2:49 of 2nd period - Minor Penalty to Zach Aston-Reese for Tripping.
2:50 of 2nd period - Brayden Point wins face-off versus Jean-Gabriel Pageau in Ducks zone.
3:05 of 2nd period - Shot by Cam Atkinson.
3:05 of 2nd period - Shot Misses the Net.
3:13 of 2nd period - Shot by Jeff Petry.
3:13 of 2nd period - Shot Misses the Net.
4:24 of 2nd period - Icing by Mikko Rantanen.
4:25 of 2nd period - Lars Eller wins face-off versus Sidney Crosby in Capitals zone.
5:14 of 2nd period - Nick Jensen is hit by Joel Eriksson Ek.
5:25 of 2nd period - Minor Penalty to Ivan Barbashev for Hooking.
5:26 of 2nd period - Evgeni Malkin wins face-off versus Jay Beagle in Capitals zone.
5:29 of 2nd period - Shot by Roope Hintz.
5:29 of 2nd period - Deflect By Evgeni Malkin.
5:29 of 2nd period - Shot Misses the Net.
5:31 of 2nd period - Shot by Evgeni Malkin.
5:31 of 2nd period - Shot Misses the Net.
5:35 of 2nd period - Shot by Roope Hintz.
5:35 of 2nd period - Shot Misses the Net.
6:00 of 2nd period - Shot by Evgeni Malkin.
6:00 of 2nd period - Shot Blocked by Michael Stone.
6:10 of 2nd period - Thomas Chabot is hit by Jay Beagle.
6:22 of 2nd period - Calle Jarnkrok is hit by Travis Konecny and loses puck.
6:27 of 2nd period - Shot by Jean-Gabriel Pageau.
6:27 of 2nd period - Shot Misses the Net.
6:29 of 2nd period - Shot by Jean-Gabriel Pageau.
6:29 of 2nd period - Stopped by Ilya Samsonov with a rebound.
6:55 of 2nd period - Shot by Damon Severson.
6:55 of 2nd period - Stopped by Ilya Samsonov without a rebound.
6:56 of 2nd period - Evgeni Malkin wins face-off versus Brad Richardson in Capitals zone.
7:44 of 2nd period - Sidney Crosby is hit by Jeremy Lauzon and loses puck.
8:05 of 2nd period - Zach Aston-Reese is hit by Mikko Rantanen.
8:22 of 2nd period - Icing by Jeremy Lauzon.
8:23 of 2nd period - Zach Aston-Reese wins face-off versus Ivan Barbashev in Ducks zone.
8:31 of 2nd period - Minor Penalty to Garnet Hathaway for Interference.
8:32 of 2nd period - Jay Beagle wins face-off versus Jean-Gabriel Pageau in Capitals zone.
8:40 of 2nd period - Damon Severson is hit by Cody Ceci and loses puck.
9:13 of 2nd period - Shot by Jean-Gabriel Pageau.
9:13 of 2nd period - Shot Misses the Net.
9:25 of 2nd period - Brad Richardson is hit by Ondrej Palat and loses puck.
9:36 of 2nd period - Shot by Thomas Chabot.
9:36 of 2nd period - Stopped by Ilya Samsonov without a rebound.
9:37 of 2nd period - Jay Beagle wins face-off versus Evgeni Malkin in Capitals zone.
9:43 of 2nd period - Icing by Roope Hintz.
9:44 of 2nd period - Jay Beagle wins face-off versus Evgeni Malkin in Ducks zone.
10:40 of 2nd period - Shot by Zemgus Girgensons.
10:40 of 2nd period - Shot Misses the Net.
10:54 of 2nd period - Shot by Brayden Point.
10:54 of 2nd period - Shot Misses the Net.
11:05 of 2nd period - Brayden Point is hit by Damon Severson and loses puck.
11:15 of 2nd period - Brayden Point is hit by Damon Severson and loses puck.
11:25 of 2nd period - Icing by Zach Aston-Reese.
11:26 of 2nd period - Sidney Crosby wins face-off versus Chris Tierney in Ducks zone.
11:32 of 2nd period - Minor Penalty to Jan Rutta for Hooking.
11:33 of 2nd period - Lars Eller wins face-off versus Sidney Crosby in Ducks zone.
12:00 of 2nd period - Shot by Mikko Rantanen.
12:00 of 2nd period - Stopped by Tristan Jarry without a rebound.
12:01 of 2nd period - Brayden Point wins face-off versus Lars Eller in Ducks zone.
13:17 of 2nd period - Shot by Erik Karlsson.
13:17 of 2nd period - Goal by Erik Karlsson - Capitals : 1 - Ducks : 0.
13:18 of 2nd period - Ivan Barbashev wins face-off versus Jean-Gabriel Pageau in neutral zone.
13:18 of 2nd period - Minor Penalty to Jean-Gabriel Pageau for Hooking.
13:19 of 2nd period - Sidney Crosby wins face-off versus Lars Eller in Ducks zone.
14:10 of 2nd period - Cam Atkinson is hit by Jeremy Lauzon and loses puck.
14:13 of 2nd period - Shot by Cody Ceci.
14:13 of 2nd period - Shot Misses the Net.
15:07 of 2nd period - Shot by Sidney Crosby.
15:07 of 2nd period - Shot Misses the Net.
15:09 of 2nd period - Shot by Mikko Rantanen.
15:09 of 2nd period - Deflect By Sidney Crosby.
15:09 of 2nd period - Shot Misses the Net.
15:11 of 2nd period - Shot by Erik Karlsson.
15:11 of 2nd period - Shot Misses the Net.
15:13 of 2nd period - Shot by Mikko Rantanen.
15:13 of 2nd period - Shot Blocked by John Marino.
15:15 of 2nd period - Shot by Kirill Kaprizov.
15:15 of 2nd period - Stopped by Tristan Jarry without a rebound.
15:16 of 2nd period - Brayden Point wins face-off versus Lars Eller in Ducks zone.
15:16 of 2nd period - Brayden Point is hit by Damon Severson.
15:52 of 2nd period - Shot by Calle Jarnkrok.
15:52 of 2nd period - Deflect By Garnet Hathaway.
15:52 of 2nd period - Shot Misses the Net.
16:58 of 2nd period - Shot by Roope Hintz.
16:58 of 2nd period - Stopped by Ilya Samsonov with a rebound.
17:00 of 2nd period - Shot by Ondrej Palat.
17:00 of 2nd period - Stopped by Ilya Samsonov without a rebound.
17:01 of 2nd period - Joel Eriksson Ek wins face-off versus Sidney Crosby in Capitals zone.
17:05 of 2nd period - Icing by Mikko Rantanen.
17:06 of 2nd period - Joel Eriksson Ek wins face-off versus Sidney Crosby in Capitals zone.
17:13 of 2nd period - Shot by Roope Hintz.
17:13 of 2nd period - Shot Misses the Net.
17:15 of 2nd period - Shot by Roope Hintz.
17:15 of 2nd period - Shot Misses the Net.
17:45 of 2nd period - Shot by Ondrej Palat.
17:45 of 2nd period - Stopped by Ilya Samsonov without a rebound.
17:46 of 2nd period - Lars Eller wins face-off versus Brayden Point in Capitals zone.
17:47 of 2nd period - Shot by Jeremy Lauzon.
17:47 of 2nd period - Shot Misses the Net.
17:58 of 2nd period - Erik Karlsson is hit by Jeremy Lauzon and loses puck.
18:03 of 2nd period - Shot by Cam Atkinson.
18:03 of 2nd period - Stopped by Tristan Jarry with a rebound.
18:05 of 2nd period - Shot by Brayden Point.
18:05 of 2nd period - Shot Misses the Net.
18:07 of 2nd period - Shot by Erik Karlsson.
18:07 of 2nd period - Shot Misses the Net.
18:09 of 2nd period - Shot by Cody Ceci.
18:09 of 2nd period - Shot Misses the Net.
18:14 of 2nd period - Off-side.
18:15 of 2nd period - Ivan Barbashev wins face-off versus Chris Tierney in neutral zone.
18:18 of 2nd period - Shot by Calle Jarnkrok.
18:18 of 2nd period - Shot Blocked by Mikhail Sergachev.
18:28 of 2nd period - Shot by Calle Jarnkrok.
18:28 of 2nd period - Shot Misses the Net.
18:42 of 2nd period - Shot by Garnet Hathaway.
18:42 of 2nd period - Goal by Garnet Hathaway - Capitals : 2 - Ducks : 0.
18:43 of 2nd period - Sidney Crosby wins face-off versus Jean-Gabriel Pageau in neutral zone.
18:57 of 2nd period - Shot by Jan Rutta.
18:57 of 2nd period - Stopped by Ilya Samsonov without a rebound.
18:58 of 2nd period - Joel Eriksson Ek wins face-off versus Cam Atkinson in Capitals zone.
19:07 of 2nd period - Icing by Jeff Petry.
19:08 of 2nd period - Brayden Point wins face-off versus Jean-Gabriel Pageau in Capitals zone.
19:08 of 2nd period - Brayden Point is hit by Evgeni Malkin.
19:39 of 2nd period - Shot by Alex Ovechkin.
19:39 of 2nd period - Stopped by Ilya Samsonov with a rebound.
19:48 of 2nd period - Off-side.
19:49 of 2nd period - Joel Eriksson Ek wins face-off versus Sidney Crosby in neutral zone.
19:55 of 2nd period - Minor Penalty to Cody Ceci for Roughing.
19:56 of 2nd period - Jay Beagle wins face-off versus Jean-Gabriel Pageau in Capitals zone.
Goals for this period are 2 for Capitals vs 0 for Ducks.
Shots for this period are 5 for Capitals vs 10 for Ducks.

3rd period


0:01 of 3rd period - Evgeni Malkin wins face-off versus Jay Beagle in neutral zone.
0:20 of 3rd period - Shot by Alex Ovechkin.
0:20 of 3rd period - Stopped by Ilya Samsonov with a rebound.
0:31 of 3rd period - Icing by Roope Hintz.
0:32 of 3rd period - Ivan Barbashev wins face-off versus Evgeni Malkin in Ducks zone.
0:33 of 3rd period - Shot by Nick Jensen.
0:33 of 3rd period - Stopped by Tristan Jarry without a rebound.
0:34 of 3rd period - Jean-Gabriel Pageau wins face-off versus Ivan Barbashev in Ducks zone.
0:43 of 3rd period - Shot by John Marino.
0:43 of 3rd period - Shot Blocked by Calle Jarnkrok.
0:45 of 3rd period - Shot by John Marino.
0:45 of 3rd period - Stopped by Ilya Samsonov with a rebound.
0:47 of 3rd period - Shot by John Marino.
0:47 of 3rd period - Stopped by Ilya Samsonov with a rebound.
0:49 of 3rd period - Shot by John Marino.
0:49 of 3rd period - Stopped by Ilya Samsonov without a rebound.
0:50 of 3rd period - Evgeni Malkin wins face-off versus Jay Beagle in Capitals zone.
0:53 of 3rd period - Shot by Roope Hintz.
0:53 of 3rd period - Shot Misses the Net.
0:55 of 3rd period - Shot by Mikhail Sergachev.
0:55 of 3rd period - Stopped by Ilya Samsonov without a rebound.
0:56 of 3rd period - Jay Beagle wins face-off versus Evgeni Malkin in Capitals zone.
1:25 of 3rd period - Ivan Barbashev is hit by Alex Ovechkin and loses puck.
2:13 of 3rd period - Shot by Kirill Kaprizov.
2:13 of 3rd period - Shot Misses the Net.
3:20 of 3rd period - Shot by Brayden Point.
3:20 of 3rd period - Stopped by Tristan Jarry without a rebound.
3:21 of 3rd period - Ivan Barbashev wins face-off versus Joel Eriksson Ek in Ducks zone.
3:27 of 3rd period - Icing by Joel Eriksson Ek.
3:28 of 3rd period - Ivan Barbashev wins face-off versus Joel Eriksson Ek in Ducks zone.
3:36 of 3rd period - Off-side.
3:37 of 3rd period - Brayden Point wins face-off versus Jean-Gabriel Pageau in neutral zone.
3:44 of 3rd period - Shot by Cam Atkinson.
3:44 of 3rd period - Stopped by Tristan Jarry without a rebound.
3:45 of 3rd period - Jean-Gabriel Pageau wins face-off versus Sidney Crosby in Ducks zone.
3:50 of 3rd period - Sidney Crosby is hit by Alex Ovechkin and loses puck.
3:59 of 3rd period - Jean-Gabriel Pageau is hit by Sidney Crosby and loses puck.
4:04 of 3rd period - Shot by Cody Ceci.
4:04 of 3rd period - Shot Misses the Net.
4:16 of 3rd period - Shot by Sidney Crosby.
4:16 of 3rd period - Shot Blocked by Jeremy Lauzon.
4:25 of 3rd period - Icing by Jeremy Lauzon.
4:26 of 3rd period - Jean-Gabriel Pageau wins face-off versus Brayden Point in Ducks zone.
4:26 of 3rd period - Jean-Gabriel Pageau is hit by Pavel Buchnevich.
4:31 of 3rd period - Icing by Thomas Chabot.
4:32 of 3rd period - Brayden Point wins face-off versus Jean-Gabriel Pageau in Ducks zone.
4:39 of 3rd period - Shot by Cam Atkinson.
4:39 of 3rd period - Stopped by Tristan Jarry without a rebound.
4:40 of 3rd period - Brayden Point wins face-off versus Ondrej Palat in Ducks zone.
4:41 of 3rd period - Shot by Cam Atkinson.
4:41 of 3rd period - Stopped by Tristan Jarry without a rebound.
4:42 of 3rd period - Sidney Crosby wins face-off versus Joel Eriksson Ek in Ducks zone.
4:43 of 3rd period - Shot by Erik Karlsson.
4:43 of 3rd period - Stopped by Tristan Jarry without a rebound.
4:44 of 3rd period - Sidney Crosby wins face-off versus Joel Eriksson Ek in Ducks zone.
4:51 of 3rd period - Kirill Kaprizov is hit by Roope Hintz.
5:15 of 3rd period - Off-side.
5:16 of 3rd period - Brayden Point wins face-off versus Jean-Gabriel Pageau in neutral zone.
5:30 of 3rd period - Jean-Gabriel Pageau is hit by Jeff Petry and loses puck.
5:37 of 3rd period - Shot by Alex Ovechkin.
5:37 of 3rd period - Stopped by Ilya Samsonov without a rebound.
5:38 of 3rd period - Lars Eller wins face-off versus Ivan Barbashev in Capitals zone.
5:38 of 3rd period - Lars Eller is hit by Michael Stone.
5:45 of 3rd period - Minor Penalty to Nick Jensen for Roughing.
5:46 of 3rd period - Jay Beagle wins face-off versus Alex Ovechkin in Capitals zone.
6:59 of 3rd period - Shot by Jean-Gabriel Pageau.
6:59 of 3rd period - Deflect By Ondrej Palat.
6:59 of 3rd period - Shot Misses the Net.
7:01 of 3rd period - Shot by John Marino.
7:01 of 3rd period - Stopped by Ilya Samsonov without a rebound.
7:02 of 3rd period - Jean-Gabriel Pageau wins face-off versus Jay Beagle in Capitals zone.
7:55 of 3rd period - Shot by Zemgus Girgensons.
7:55 of 3rd period - Shot Blocked by Drew Doughty.
8:17 of 3rd period - Shot by Cam Atkinson.
8:17 of 3rd period - Shot Blocked by Thomas Chabot.
8:59 of 3rd period - Shot by Roope Hintz.
8:59 of 3rd period - Shot Blocked by Cody Ceci.
9:02 of 3rd period - Minor Penalty to Roope Hintz for High sticking.
9:02 of 3rd period - Minor Penalty to Cody Ceci for Tripping.
9:03 of 3rd period - Evgeni Malkin wins face-off versus Brayden Point in Capitals zone.
9:17 of 3rd period - Brayden Point is hit by Damon Severson and loses puck.
10:00 of 3rd period - Shot by Sidney Crosby.
10:00 of 3rd period - Stopped by Tristan Jarry without a rebound.
10:01 of 3rd period - Jean-Gabriel Pageau wins face-off versus Sidney Crosby in Ducks zone.
10:14 of 3rd period - Shot by Mikko Rantanen.
10:14 of 3rd period - Stopped by Tristan Jarry without a rebound.
10:15 of 3rd period - Sidney Crosby wins face-off versus Jean-Gabriel Pageau in Ducks zone.
10:16 of 3rd period - Shot by Mikko Rantanen.
10:16 of 3rd period - Shot Blocked by Mikhail Sergachev.
10:25 of 3rd period - Shot by Thomas Chabot.
10:25 of 3rd period - Stopped by Ilya Samsonov without a rebound.
10:26 of 3rd period - Evgeni Malkin wins face-off versus Brayden Point in Capitals zone.
10:44 of 3rd period - Shot by Kirill Kaprizov.
10:44 of 3rd period - Stopped by Tristan Jarry without a rebound.
10:45 of 3rd period - Jean-Gabriel Pageau wins face-off versus Sidney Crosby in Ducks zone.
11:44 of 3rd period - Shot by Calle Jarnkrok.
11:44 of 3rd period - Shot Hit the Post.
12:15 of 3rd period - Lars Eller is hit by Mikko Rantanen and loses puck.
12:30 of 3rd period - Shot by Mikko Rantanen.
12:30 of 3rd period - Stopped by Tristan Jarry without a rebound.
12:31 of 3rd period - Jean-Gabriel Pageau wins face-off versus Brayden Point in Ducks zone.
12:50 of 3rd period - Jeff Petry is hit by Mikhail Sergachev and loses puck.
12:58 of 3rd period - Mikhail Sergachev is hit by Pavel Buchnevich and loses puck.
14:36 of 3rd period - Shot by Mikko Rantanen.
14:36 of 3rd period - Stopped by Tristan Jarry with a rebound.
14:38 of 3rd period - Shot by Cody Ceci.
14:38 of 3rd period - Shot Blocked by Damon Severson.
14:40 of 3rd period - Shot by Cody Ceci.
14:40 of 3rd period - Shot Misses the Net.
14:42 of 3rd period - Shot by Kirill Kaprizov.
14:42 of 3rd period - Stopped by Tristan Jarry without a rebound.
14:43 of 3rd period - Zemgus Girgensons wins face-off versus Jay Beagle in Ducks zone.
16:14 of 3rd period - Shot by Travis Konecny.
16:14 of 3rd period - Goal by Travis Konecny - Capitals : 2 - Ducks : 1.
16:15 of 3rd period - Ondrej Palat wins face-off versus Brayden Point in neutral zone.
16:54 of 3rd period - Shot by Roope Hintz.
16:54 of 3rd period - Shot Hit the Post.
16:56 of 3rd period - Shot by Jeremy Lauzon.
16:56 of 3rd period - Shot Misses the Net.
16:58 of 3rd period - Shot by Ondrej Palat.
16:58 of 3rd period - Stopped by Ilya Samsonov without a rebound.
16:59 of 3rd period - Ivan Barbashev wins face-off versus Jean-Gabriel Pageau in Capitals zone.
17:01 of 3rd period - Icing by Cody Ceci.
17:02 of 3rd period - Jean-Gabriel Pageau wins face-off versus Ivan Barbashev in Capitals zone.
17:31 of 3rd period - Shot by Alex Ovechkin.
17:31 of 3rd period - Stopped by Ilya Samsonov with a rebound.
17:33 of 3rd period - Shot by Alex Ovechkin.
17:33 of 3rd period - Shot Misses the Net.
17:35 of 3rd period - Shot by Jean-Gabriel Pageau.
17:35 of 3rd period - Shot Misses the Net.
17:37 of 3rd period - Shot by Jean-Gabriel Pageau.
17:37 of 3rd period - Stopped by Ilya Samsonov without a rebound.
17:38 of 3rd period - Cam Atkinson wins face-off versus Ondrej Palat in Capitals zone.
18:12 of 3rd period - Shot by Joel Eriksson Ek.
18:12 of 3rd period - Stopped by Ilya Samsonov without a rebound.
18:13 of 3rd period - Sidney Crosby wins face-off versus Lars Eller in Capitals zone.
18:34 of 3rd period - Travis Konecny is hit by Cody Ceci and loses puck.
Goals for this period are 0 for Capitals vs 1 for Ducks.
Shots for this period are 12 for Capitals vs 13 for Ducks.